 Dungeon Crawl Stone Soup version bcrawl-1.12-11-gb93c957c58 (console) character file.

Game seed: 13429382637836952278

797 CALLOUS the Changer (level 7, -1/46 HPs)
             Began as an Octopode Transmuter on June 26, 2019.
             Was an Initiate of Ru.
             Slain by Duvessa
             ... wielding a +3 short sword of draining
              (4 damage)
             ... on level 6 of the Dungeon on June 27, 2019.
             The game lasted 02:31:51 (8526 turns).

CALLOUS the Changer (Octopode Transmuter)           Turns: 8526, Time: 02:31:56

Health: -1/46      AC:  1    Str:  9    XL:     7   Next: 89%
Magic:  1/10       EV: 14    Int: 18    God:    Ru [......]
Gold:   264        SH:  0    Dex: 12    Spells: 4/10 levels left

rFire    . . .     SeeInvis .     - Unarmed
rCold    . . .     Gourm    .   (no shield)
rNeg     . . .     Faith    .   (helmet restricted)
rPois    .         Spirit   .   (cloak restricted)
rElec    .         Reflect  .   (no amulet)
rCorr    .         Harm     .   (no ring)
MR       .....                  (no ring)
Stlth    +++.......             (no ring)
HPRegen  0.15/turn              (no ring)
MPRegen  0.12/turn              (no ring)
                                (no ring)
                                (no ring)
                                (no ring)

@: lethally poisoned (-1 -> -2), appendage (expiring), very slightly
contaminated, heavily drained
A: almost no armour, stealthy swim, amphibious, 8 rings, constrict 8, tentacle
spike 3, camouflage 1, gelatinous body 1
a: End Transformation, Sacrifice Health, Sacrifice Words, Sacrifice Purity,
Reject Sacrifices, Renounce Religion


You were on level 6 of the Dungeon.
You worshipped Ru.
Ru was noncommittal.
You were very hungry.
One of your tentacles had a temporary spike.
You visited 1 branch of the dungeon, and saw 6 of its levels.

You collected 264 gold pieces.

Inventory:

Hand Weapons
 a - a +2 dagger of draining
 b - a +0 hunting sling
 k - a +0 spear
 x - a +2 dagger of holy wrath
 z - a +0 blowgun
 E - a +1 hand axe of pain
 J - a cursed +0 hunting sling
Missiles
 e - 268 arrows
 h - 1036 stones
 m - 54 tomahawks (quivered)
 n - 159 javelins
 v - 44 poisoned tomahawks
 A - 36 poisoned needles
 C - 286 bolts
 G - 102 sling bullets
 L - 63 needles of frenzy
Jewellery
 q - an uncursed amulet of magic regeneration {unknown}
 D - an uncursed ring of fire
 K - an uncursed ring of insulation {unknown}
Wands
 B - a wand of paralysis (9)
Scrolls
 f - 7 scrolls of identify {unknown}
 l - 2 scrolls of enchant weapon {unknown}
 p - 2 scrolls of teleportation {unknown}
 s - a scroll of fog {unknown}
 y - a scroll of blinking {unknown}
 N - 3 scrolls of amnesia {unknown}
 O - a scroll of remove curse {unknown}
 P - a scroll of noise {unknown}
Potions
 c - a potion of lignification
 g - a potion of ambrosia {unknown}
 i - a potion of berserk rage {unknown}
 j - a potion of heal wounds
 r - a potion of degeneration {unknown}
 F - 2 potions of flight {unknown}
 I - a potion of invisibility {unknown}
 M - a potion of might {unknown}
Comestibles
 d - 8 rations {!d}


   Skills:
 * Level 3.4(1.8) Fighting
 * Level 1.5(0.0) Axes
 * Level 4.4(2.7) Dodging
 + Level 3.1(1.5) Stealth
 - Level 3.0(1.4) Unarmed Combat
 - Level 2.0(0.4) Spellcasting
 * Level 5.1(3.4) Transmutations
 * Level 3.0(1.4) Poison Magic
 * Level 1.6(0.1) Evocations


You had 4 spell levels left.
You knew the following spells:

 Your Spells              Type           Power        Failure   Level  Hunger
a - Beastly Appendage     Tmut           ##....       5%          1    ##.....
b - Sticks to Snakes      Tmut           ##......     8%          2    ###....
c - Spider Form           Tmut/Pois      #.........   24%         3    ####...

Your spell library contained the following spells:

 Spells                   Type           Power        Failure   Level  Hunger
 Ice Form                 Ice/Tmut       #.......     71%         4    #####..
 Blade Hands              Tmut           ##........   82%         5    ######.


Dungeon Overview and Level Annotations

Branches:
Dungeon (6/12)             Temple (0/1) D:4

Altars:
Elyvilon
Gozag
Hepliaklqana
Kikubaaqudgha
Lugonu
Makhleb
Okawaru
Qazlal
Ru
Uskayaw
Yredelemnul
Zin
The Shining One

Shops:
D:5 :

Annotations:
D:1 1 exclusion
D:2 1 exclusion
D:3 2 exclusions
D:4 2 exclusions
D:5 1 exclusion
D:6 exclusion: hippogriff, Duvessa


Innate Abilities, Weirdness & Mutations

You cannot wear most types of armour.
You are very stealthy in the water. (Stealth+)
You are amphibious.
You can wear up to eight rings at the same time.
You can use your tentacles to constrict eight enemies at once.
Your skin changes colour to match your surroundings (Stealth+).
Your rubbery body absorbs attacks. (AC +1, EV +1)
One of your tentacles bears a large vicious spike.


Message History

Duvessa misses you. Duvessa barely misses you.
Press: ? - help, v - describe, . - travel
Here: Duvessa, wielding a +3 short sword of draining and wearing a +0 ring mail (heavily wounded, constricted by you, berserk, fast, unusually strong, poisoned)
The floor.
Wield which item (- for none, * to show all)? (? for menu, Esc to quit)
Okay, then.
Wield which item (- for none, * to show all)? (? for menu, Esc to quit)
You are now empty-tentacled.
You constrict Duvessa, but do no damage.
You tentacle-slap Duvessa but do no damage.
You pierce Duvessa, but do no damage.
Duvessa is heavily wounded.
Your transformation is almost over.
You constrict Duvessa.
Duvessa hits you with a +3 short sword of draining.
You feel drained.
Duvessa hits you with a +3 short sword of draining!
* * * LOW HITPOINT WARNING * * *
You feel drained.
You die...

.... #..# #..## .......
...# ....... #####..#
......# ########......##
......# ...............#
.....# ...............##
....###
................####.......
#..............#e........#
####...........@....######
###..>.......#####
#............#
#..........###
#..........## ##..##.≈≈≈≈≈#
## ###.).§###≈# .##
##...#≈# .. ..# ##...##§#
.# ##..### ≈§ .####..## ###
#...


You could see Duvessa (berserk).

Vanquished Creatures
  An ogre (D:5)
  A bullfrog (D:5)
  A scorpion (D:5)
  Dowan (D:6)
  The ghost of petercordiaCSDC the Shield-Bearer, a weakling MiSA of Cheibriados (D:3)
  2 vampire bats (D:4)
  A crimson imp (D:6)
  A bullfrog zombie (D:5)
  An orc wizard (D:3)
  An iguana (D:3)
  A worker ant (D:4)
  Robin (D:2)
  3 gnolls (D:5)
  6 adders
  5 worker ant simulacra (D:3)
  An adder skeleton (D:5)
  5 dart slugs
  3 worms
  3 leopard geckos
  11 orcs
  2 ball pythons
  3 bat skeletons (D:4)
  4 bat zombies (D:4)
  3 giant cockroaches
  15 goblins
  7 hobgoblins
  4 jackals (D:2)
  5 kobolds
  4 quokkas
  6 bats
  3 frilled lizards
  A quokka simulacrum (D:3)
  5 rats
112 creatures vanquished.

Vanquished Creatures (collateral kills)
  An iguana (D:5)
1 creature vanquished.

Grand Total: 113 creatures vanquished

Notes
Turn   | Place    | Note
-------+----------+-------------------------------------------
     0 | D:1      | CALLOUS the Octopode Transmuter began the quest for the
                  | Orb.
     0 | D:1      | Reached XP level 1. HP: 13/13 MP: 3/3
   106 | D:1      | Reached XP level 2. HP: 14/18 MP: 1/5
   110 | D:1      | Learned a level 2 spell: Sticks to Snakes
   572 | D:1      | Reached XP level 3. HP: 18/23 MP: 4/6
   591 | D:1      | Learned a level 3 spell: Spider Form
   910 | D:2      | Noticed Robin
  2045 | D:2      | Reached skill level 1 in Stealth
  2063 | D:2      | Reached skill level 1 in Poison Magic
  2198 | D:2      | Reached skill level 3 in Transmutations
  2240 | D:2      | Killed Robin
  2240 | D:2      | Reached XP level 4. HP: 23/29 MP: 3/7
  2528 | D:2      | Found a burning altar of Makhleb.
  2532 | D:2      | Found a glowing silver altar of Zin.
  2532 | D:2      | Noticed a balrug
  2534 | D:2      | Noticed an angel
  3015 | D:2      | Found an iron altar of Okawaru.
  4201 | D:2      | Reached XP level 5. HP: 17/34 MP: 8/8
  4663 | D:3      | Noticed petercordiaCSDC's ghost (weakling MiSA)
  4857 | D:3      | Found a runed translucent gate.
  4857 | D:3      | Found a runed translucent gate.
  4857 | D:3      | Found a runed translucent gate.
  5197 | D:3      | Found a sacrificial altar of Ru.
  5218 | D:3      | Reached skill level 4 in Transmutations
  5240 | D:3      | Found a stormy altar of Qazlal.
  5243 | D:3      | Found a white marble altar of Elyvilon.
  5374 | D:3      | Reached XP level 6. HP: 41/41 MP: 9/9
  5390 | D:3      | Killed petercordiaCSDC's ghost
  5782 | D:3      | Became a worshipper of Ru the Awakened
  5941 | D:4      | Found a hide-covered altar of Uskayaw.
  5951 | D:4      | Found a corrupted altar of Lugonu.
  6126 | D:4      | Found a hazy altar of Hepliaklqana.
  6249 | D:4      | Found a basalt altar of Yredelemnul.
  6309 | D:4      | Found a glowing golden altar of the Shining One.
  6311 | D:4      | Noticed an angel
  6456 | D:4      | Found a staircase to the Ecumenical Temple.
  6728 | D:4      | Found an ancient bone altar of Kikubaaqudgha.
  7119 | D:5      | Entered Level 5 of the Dungeon
  7125 | D:5      | Reached XP level 7. HP: 42/46 MP: 8/10
  7182 | D:5      | Reached skill level 1 in Evocations
  7533 | D:5      | Reached skill level 1 in Axes
  7875 | D:5      | Found Ceonkaco's Book Shop.
  8029 | D:5      | Found an opulent altar of Gozag.
  8213 | D:6      | Noticed a hippogriff
  8248 | D:6      | Noticed Duvessa
  8248 | D:6      | Noticed Dowan
  8352 | D:6      | Killed Dowan
  8352 | D:6      | Reached skill level 5 in Transmutations
  8522 | D:6      | HP: 2/46 [Duvessa/+3 short sword of draining (3)]
  8526 | D:6      | Slain by Duvessa

Skill      XL: |  1  2  3  4  5  6  7 |
---------------+----------------------+-----
Stealth        | 1 2 3 |  3.1
Poison Magic   | 1 2 3 |  3.0
Transmutations | 3 4 5 |  5.1
Fighting       | 2 3 |  3.4
Dodging        | 3 4 |  4.4
Evocations     | 1 |  1.6
Axes           | 1 |  1.5
Unarmed Combat | |  3.0
Spellcasting   | |  2.0

Action                   |  1- 3 |  4- 6 |  7- 9 || total
-------------------------+-------+-------+-------++-------
Melee: Unarmed           |    69 |    37 |    39 ||   145
       Constrict         |    22 |    33 |     8 ||    63
       Kick              |    15 |    24 |     8 ||    47
       Tentacles         |     7 |    19 |     5 ||    31
       Dagger            |     2 |    81 |     1 ||    84
       Punch             |     1 |     2 |       ||     3
       Hand axe          |       |     4 |     2 ||     6
 Fire: Hunting sling     |    13 |    79 |    16 ||   108
       Blowgun           |       |     4 |     3 ||     7
Throw: Stone             |    45 |       |     1 ||    46
       Tomahawk          |       |     4 |     1 ||     5
       Javelin           |       |     1 |       ||     1
 Cast: Beastly Appendage |    33 |    37 |     5 ||    75
       Spider Form       |     1 |     2 |     1 ||     4
       Sticks to Snakes  |     1 |       |     4 ||     5
  Use: Potion            |       |       |     1 ||     1
 Stab: Sleeping          |     3 |     2 |       ||     5
       Distracted        |       |       |     1 ||     1
  Eat: Chunk             |     5 |    14 |     2 ||    21
       Ration            |       |       |     1 ||     1
Armor: Skin              |     7 |    13 |     1 ||    21
Dodge: Dodged            |    78 |   153 |    28 ||   259
